AoeStats
← Shrinking head turtle

Arena

507215648Analyzed
4v4 RM · 16d ago on Sep 17, 2026· 50m 11s· 8 players
Game mode
Random Map
Map size
Large (8 player)
Population
200
Speed
Normal
Resources
Standard
Victory
Conquest
Starting age
Dark Age
Ending age
Imperial Age
RankedLock teamsTeams togetherTeam positionsShared explorationLock speedFull tech treeHidden civsTurbo modeCheats
Victory
Defeat
🇲🇽 Koreans · Mexico
994
+16
🇹🇼 Franks · Taiwan
994
+16
🇨🇳 Khmer · China
914
+19
🇵🇪 Byzantines · Peru
902
+20
🇨🇱 Persians · Chile
1083
-21
🇲🇽 Romans · Mexico
1042
-20
🇦🇷 Japanese · Argentina
967
-17
🇨🇱 Bohemians · Chile
875
-18
alexisfabian95
12:35 Feudal Age
16:55 Castle Age
15:11 Double-Bit Axe
15:48 Stone Mining
16:54 Fletching
16:56 Gold Mining
17:22 Loom
17:23 Town Watch
18:54 Bow Saw
19:26 Bodkin Arrow
25:57 Ballistics
25:39 Husbandry
Atila
0:26 Loom
11:48 Feudal Age
12:14 Double-Bit Axe
12:12 Horse Collar
19:06 Castle Age
17:57 Fletching
35:23 Fortified Wall
35:40 Gold Mining
38:11 Gold Shaft Mining
40:40 Heavy Plow
44:10 Bow Saw
46:45 Stone Mining
49:36 Wheelbarrow
49:05 Caravan
OAO
11:51 Feudal Age
12:49 Loom
15:54 Castle Age
15:28 Wheelbarrow
14:38 Town Watch
14:49 Double-Bit Axe
16:07 Wheelbarrow
17:20 Bow Saw
17:55 Town Watch
24:23 Scale Barding Armor
24:28 Forging
24:54 Husbandry
28:58 Chain Barding Armor
30:04 Iron Casting
31:56 Hand Cart
34:22 Imperial Age
32:10 Hand Cart
32:48 Murder Holes
34:07 Hand Cart
33:45 Gold Mining
34:26 Cavalier
35:46 Plate Barding Armor
36:11 Blast Furnace
35:35 Conscription
35:50 Chivalry
35:46 Paladin
49:33 Gold Shaft Mining
Shrinking head turtle
5:11 Loom
12:12 Feudal Age
14:54 Castle Age
12:41 Double-Bit Axe
12:37 Horse Collar
12:51 Gold Mining
16:04 Bow Saw
16:33 Heavy Plow
20:47 Wheelbarrow
20:01 Town Watch
24:26 Town Patrol
24:42 Hand Cart
27:21 Imperial Age
25:45 Stone Mining
26:59 Gold Shaft Mining
26:58 Town Patrol
27:57 Stone Shaft Mining
28:56 Crop Rotation
27:56 Capped Ram
29:53 Ballistics
30:34 Chemistry
29:45 Careening
29:38 Heavy Scorpion
30:04 Capped Ram
31:29 Siege Ram
32:40 Double Crossbow
33:00 Conscription
36:15 Siege Engineers
SDK.SALEM6
10:30 Feudal Age
14:49 Castle Age
13:00 Loom
13:53 Double-Bit Axe
31:47 Wheelbarrow
33:55 Bow Saw
42:54 Hand Cart
42:59 Town Watch
45:57 Pikeman
46:37 Squires
49:30 Imperial Age
49:15 Forging
49:27 Horse Collar
TVHG.hadess
10:37 Feudal Age
14:56 Castle Age
14:01 Double-Bit Axe
14:00 Horse Collar
17:32 Gold Mining
18:29 Scale Barding Armor
18:50 Loom
24:05 Forging
24:43 Bloodlines
25:22 Wheelbarrow
27:23 Husbandry
28:29 Hand Cart
29:30 Chain Barding Armor
31:19 Gold Shaft Mining
34:44 Imperial Age
33:08 Iron Casting
34:55 Bow Saw
34:49 Heavy Plow
36:16 Chemistry
35:00 Cavalier
38:38 Two-Man Saw
38:38 Stone Mining
38:50 Murder Holes
39:18 Conscription
39:29 Savar
41:25 Plate Barding Armor
41:50 Blast Furnace
40:30 Heavy Camel Rider
40:45 Light Cavalry
41:24 Fletching
41:57 Ballistics
44:00 Hussar
47:12 Bodkin Arrow
47:18 Padded Archer Armor
48:04 Kamandaran
48:17 Citadels
Giorgia Meloni
12:30 Feudal Age
18:16 Castle Age
16:43 Double-Bit Axe
19:39 Loom
21:24 Bow Saw
21:08 Horse Collar
24:57 Wagenburg Tactics
28:23 Imperial Age
30:16 Chemistry
29:40 Wagenburg Tactics
36:53 Houfnice
41:59 Pikeman
44:32 Halberdier
48:06 Elite Hussite Wagon
LBAoE | Lord Favius
10:13 Feudal Age
17:08 Castle Age
15:59 Loom
16:50 Forging
16:40 Scale Mail Armor
16:53 Scale Barding Armor
16:52 Double-Bit Axe
17:03 Horse Collar
19:25 Bloodlines
20:42 Bow Saw
23:45 Husbandry
26:06 Chain Barding Armor
26:22 Iron Casting
26:34 Fletching
28:22 Wheelbarrow
31:23 Heavy Plow
32:05 Gold Mining
32:05 Stone Mining
32:45 Bodkin Arrow
33:46 Masonry
33:19 Treadmill Crane
37:16 Gold Shaft Mining
37:21 Hand Cart
36:51 Town Watch
40:19 Imperial Age
42:10 Blast Furnace
41:45 Town Patrol
44:03 Pikeman
Connection lost

Rejoining the realm…

Still unreachable

The connection could not be restored.

Session expired

The server has moved on; the page needs a fresh start.